 Dungeon Crawl Stone Soup version 0.30-a0-187-gd9c2deaf24 (webtiles) character file.

Game seed: 755293223097467541

51 funkygono the Firebug (level 3, -3/20 HPs)
             Began as a Gargoyle Fire Elementalist on Oct 3, 2022.
             Slain by Sigmund
             ... wielding a +4 scythe
              (7 damage)
             ... on level 2 of the Dungeon.
             The game lasted 00:02:29 (1511 turns).

funkygono the Firebug (Gargoyle Fire Elementalist)  Turns: 1511, Time: 00:02:30

Health: -3/20      AC:  7    Str: 11    XL:     3   Next: 81%
Magic:  2/6        EV: 12    Int: 17    God:
Gold:   74         SH:  0    Dex: 10    Spells: 1/7 levels left

rFire   . . .      SeeInvis .    d - +0 whip
rCold   . . .      Faith    .    (no shield)
rNeg    + . .      Spirit   .    a - +0 robe
rPois   ∞          Reflect  .    i - +0 helmet
rElec   +          Harm     .    (no cloak)
rCorr   .          Rampage  .    g - +0 pair of gloves
Will    .....                    (no boots)
Stlth   ++........               (no amulet)
HPRegen 0.23/turn                (no ring)
MPRegen 0.10/turn                (no ring)

@: no status effects
A: sickness immunity, AC +3, negative energy resistance 1, electricity
resistance, torment resistance 1, petrification resistance
a: no special abilities


You were on level 2 of the Dungeon.
You visited 1 branch of the dungeon, and saw 2 of its levels.

You collected 74 gold pieces.

Inventory:

Hand Weapons
 d - a +0 whip (weapon)
Armour
 a - a +0 robe (worn)
 g - a +0 pair of gloves (worn)
 i - a +0 helmet (worn)
Magical Staves
 j - a staff of air
Scrolls
 e - a scroll of identify
Potions
 b - a potion of magic
 c - a potion of berserk rage
 f - 3 potions of curing
 h - a potion of brilliance


   Skills:
 + Level 0.3 Fighting
 + Level 0.5 Maces & Flails
 + Level 1.9 Dodging
 - Level 2.1 Stealth
 + Level 2.5 Spellcasting
 + Level 1.6 Conjurations
 + Level 3.7 Fire Magic


You had one spell level left.
You knew the following spells:

 Your Spells              Type           Power      Damage    Failure   Level
a - Foxfire               Conj/Fire      44%        2x1d6     6%          1
b - Scorch                Fire           28%        2d6       6%          2
c - Kindle Blastsparks    Fire/Tloc/Air  12%        2d11      32%         3

Your spell library contained the following spells:

 Spells                   Type           Power      Damage    Failure   Level
 Summon Small Mammal      Summ           8%         N/A       19%         1
 Inner Flame              Hex/Fire       8%         N/A       26%         3
 Call Canine Familiar     Summ           2%         N/A       50%         3
 Summon Guardian Golem    Hex/Summ       2%         N/A       50%         3
 Flame Wave               Conj/Fire      11%        2d6       52%         4
 Cause Fear               Hex            1%         N/A       88%         4
 Summon Cactus Giant      Summ           1%         N/A       100%        6
 Discord                  Hex            1%         N/A       100%        8


Dungeon Overview and Level Annotations

Branches:
Dungeon (2/15)

Altars:

Annotations:
D:2 Natasha, Sigmund


Innate Abilities, Weirdness & Mutations

You are immune to sickness and miasma.
Your stone body is resilient. (AC +3)
You are immune to poison.
You resist negative energy. (rN+)
You are resistant to electric shocks. (rElec)
You are resistant to unholy torment.
You are immune to petrification.


Message History

Unknown command.
The foxfire hits Sigmund.
Sigmund is lightly wounded.
The foxfire hits Sigmund.
Sigmund is moderately wounded.
Sigmund casts a spell at you. The puff of flame hits you.
Your magical contamination has completely faded away.
You see here a dart slug corpse.
Natasha casts a spell.
The crimson imp attacks as you move away!
The crimson imp hits you but does no damage.
The crimson imp blinks!
Natasha casts a spell at you.
You feel yourself slow down.
Natasha mumbles some strange words.
Sigmund laughs darkly.
The shadow imp disappears in a puff of smoke!
Sigmund casts a spell at you. The magic dart hits you.
Sigmund giggles. "Time to reap what you sow."
Sigmund casts a spell at you. The magic dart hits you!
* * * LOW HITPOINT WARNING * * *
Natasha mumbles some strange words.
Natasha wildly gestures.
You feel disoriented.
The crimson imp shouts, "Relinquish hope, thou euchred fob-snatching haggard!"
The crimson imp blinks!
Natasha casts a spell.
Sigmund casts a spell at you. The magic dart hits you.
* * * LOW HITPOINT WARNING * * *
Okay, then.
Sigmund closely misses you.
Casting: Foxfire (safe; 6% risk of failure)
Confirm with . or Enter, or press ? or * to list all spells.
You conjure some foxfire!
You feel yourself speed up.
Sigmund hits you from afar with a +4 scythe!
You die...

##..........####.#..######...#.##
############ #.#.[######.#.#.#
#.#....##...#.#.#
#5##.#....###.#.##
#5#.........#.#.#.
#h#..#.####.#.#.#.
#@#.........#.#.#.
#v#...#######.#.#. #@....... #.#.
##v.######## #.#. #
#..##......######.#. #. #.#
#.####.#..[...#. #.. ##.#
#.....<#.######.
####.##..########.#..<...#.
..................#..#.#.#.
######..###########....#.#.
#.>.................#.


You could see Sigmund (ally target), Natasha, a crimson imp (summoned) and a
shadow imp (summoned).

Vanquished Creatures
  Jessica (D:2)
  A dart slug (D:2)
  2 bats
  An endoplasm (D:1)
  A giant cockroach (D:1)
  3 goblins
  3 hobgoblins (D:2)
  2 quokkas (D:1)
  3 kobolds
  4 rats
21 creatures vanquished.

Vanquished Creatures (others)
  52 foxfires
52 creatures vanquished.

Grand Total: 73 creatures vanquished

Notes
Turn   | Place    | Note
-------+----------+-------------------------------------------
     0 | D:1      | funkygono the Gargoyle Fire Elementalist began the quest
                  | for the Orb.
     0 | D:1      | Reached XP level 1. HP: 10/10 MP: 3/3
   512 | D:1      | Reached XP level 2. HP: 15/15 MP: 1/5
   515 | D:1      | Learned a level 2 spell: Scorch
  1106 | D:2      | Noticed Jessica
  1119 | D:2      | Killed Jessica
  1120 | D:2      | Reached XP level 3. HP: 13/20 MP: 0/6
  1124 | D:2      | Learned a level 3 spell: Kindle Blastsparks
  1482 | D:2      | Noticed Sigmund
  1484 | D:2      | Noticed Natasha
  1511 | D:2      | Slain by Sigmund

Illustrated notes

Levels and vault maps discovered:
D:1:      tarquinn_simple_flora_water_c, layout_loops_corners
D:2:      layout_basic, chequers_ecumenical_altar_grove, uniq_sigmund,
          uniq_jessica, uniq_natasha

Action                   || total
-------------------------++-------
Melee: Whip              ||    39
 Cast: Foxfire           ||    34
  Use: Scroll            ||     4
 Stab: Sleeping          ||     1
Armor: Robe              ||    13
Dodge: Dodged            ||    32

Table legend: (Time is in decaauts)
 A = Elapsed time spent in this place.
 B = Non-inter-level travel time spent in this place.
 C = Inter-level travel time spent in this place.
 D = Time resting spent in this place.
 E = Time spent auto-exploring this place.
 F = Levels seen in this place.
 G = Mean time per level.
                   A        B        C        D        E       F      G
               +--------+--------+--------+--------+--------+-----+--------+
         Total |   1524 |   1503 |     21 |     29 |   1167 |   2 |  762.0 |
       Dungeon |   1524 |   1503 |     21 |     29 |   1167 |   2 |  762.0 |
               +--------+--------+--------+--------+--------+-----+--------+

Top non-repeatable levels by time:
     D:1: 963 daAuts
     D:2: 560 daAuts
